 Dungeon Sprint DCSS version 0.30-a0-1114-gd936c97349 (webtiles) character file.

Game seed: 18244166408975947030

3100000 PLAYERX the Minotaur Porcupine (level 17, -2/191 HPs)
             Began as a Minotaur Gladiator on Apr 20, 2023.
             Was a High Priest of Makhleb.
             Slain by a bag of meat
             ... wielding a +9 war axe
              (37 damage)
             ... in the Dungeon (Sprint VIII: "Arena of Blood").
             The game lasted 00:04:57 (31 turns).

PLAYERX the Minotaur Porcupine (Minotaur Gladiator)   Turns: 31, Time: 00:04:59

Health: -2/191     AC:  5    Str: 24    XL:     17   Next: 76%
Magic:  15/33      EV: 27    Int:  5    God:    Makhleb [*****.]
Gold:   0          SH:  0    Dex: 15    Spells: 16/16 levels left

rFire   . . .      SeeInvis .    l - +∞ Axe of Woe
rCold   . . .      Faith    .    (shield currently unavailable)
rNeg    . . .      Spirit   .    b - +0 leather armour
rPois   .          Reflect  .    c - +0 hat
rElec   .          Rampage  .    (no cloak)
rCorr   .          NoTele   +    (no gloves)
Will    +....                    (no boots)
Stlth   +                        (no amulet)
HPRegen 0.51/turn                (no ring)
MPRegen 0.23/turn                (no ring)

@: no status effects
A: horns 2, retaliatory headbutt
a: Renounce Religion, Minor Destruction, Lesser Servant of Makhleb, Major
Destruction, Greater Servant of Makhleb


You were in the Dungeon.
You worshipped Makhleb.
Makhleb was extremely pleased with you.
You visited 1 branch

Inventory:

Hand Weapons
 a - a +0 trident
 l - the +∞ Axe of Woe (weapon)
   (You found it in the Dungeon)
Missiles
 d - 3 throwing nets
 e - a javelin
Armour
 b - a +0 leather armour (worn)
 c - a +0 hat (worn)
Scrolls
 k - a scroll of blinking
Potions
 f - a potion of curing
 h - a potion of haste
 i - 2 potions of magic
 j - a potion of berserk rage


   Skills:
 O Level 27 Fighting
 O Level 27 Axes
 O Level 27 Polearms
 + Level 24.3 Throwing
 + Level 15.6 Armour
 O Level 27 Dodging
 + Level 26.2 Invocations


You had 16 spell levels left.
You didn't know any spells.
Your spell library was empty.

Dungeon Overview and Level Annotations

Branches:
Dungeon (1/1)

Altars:
Makhleb


Innate Abilities, Weirdness & Mutations

You have a pair of horns on your head.
You reflexively headbutt those who attack you in melee.


Message History

The eight-headed meat hydra appears out of thin air!
An eight-headed meat hydra comes into view.
You are engulfed in blazing flames.
The eight-headed meat hydra roars!
You hear two shouts!
You hear a shout! x4
A large bag of meat comes into view. It is wielding a +9 giant spiked club.
You hear a shout! x3
Your Throwing skill gained 2 levels and is now at level 24!
Your Armour skill gained 2 levels and is now at level 15!
Your Invocations skill gained 7 levels and is now at level 26!
Aiming: Major Destruction (0% risk of failure)
Press: ? - help, Shift-Dir - straight line, f - eight-headed meat hydra, p - large bag of meat
Aim: an eight-headed meat hydra The bolt of fire hits the eight-headed meat hydra!!!
The eight-headed meat hydra is lightly wounded.
You are engulfed in blazing flames.
You hear a shout! x9
The bag of meat is engulfed in blazing flames.
A destroyer comes into view. It is wielding a +9 heavy great sword.
You hear a shout! x2
The large bag of meat is no longer covered in acid.
A meat berserker comes into view. It is wielding a +9 battleaxe.
You hear a shout! x9
The large bag of meat is engulfed in blazing flames.
The large bag of meat hits you with a +9 giant spiked club!!!
The large bag of meat hits you with a +9 giant spiked club!!!!
* * * LOW HITPOINT WARNING * * *
The bag of meat is engulfed in blazing flames.
The bag of meat hits you with a +9 war axe!
* * * LOW HITPOINT WARNING * * *
A large bag of meat comes into view. It is wielding a +9 giant spiked club.
You hear a shout!
Items here: )) == †.
You feel much better.
You hear a shout! x2
The bag of meat misses you.
You hear a shout!
A large bag of meat comes into view. It is wielding a +9 giant spiked club.
The bag of meat is engulfed in blazing flames.
The bag of meat hits you with a +9 war axe!!!
You die...

....... ..... ..
#oo.. ..# .. #...
..# ...###.o.
..###.
......oO###......
#.O.O.oo)_....O.
#@O)..# . #oO<._#
. ....#)§)..#....
.......)_Oo.....
.......###.o....
..###... ..###. .
#... .V# #... .#
... ..


You could see a destroyer, 5 large bags of meat, 2 meat berserkers and 9 bags of
meat.

Vanquished Creatures
  7 ogres (D)
  A two-headed ogre (D)
  12 orcs (D)
20 creatures vanquished.

Notes
Turn   | Place    | Note
-------+----------+-------------------------------------------
     0 | D        | Found the +∞ Axe of Woe
     0 | D        | PLAYERX the Minotaur Gladiator began the quest for the Orb.
     0 | D        | Reached XP level 1. HP: 18/18 MP: 0/0
     2 | D        | Noticed a meat berserker
     2 | D        | Noticed a bag of meat
     2 | D        | Noticed a bag of meat
     4 | D        | Became a worshipper of Makhleb the Destroyer
     4 | D        | Noticed a bag of meat
     4 | D        | Noticed a bag of meat
     5 | D        | Noticed a meat berserker
     5 | D        | Noticed a bag of meat
     7 | D        | Killed a meat berserker
     8 | D        | Reached skill level 5 in Axes
     8 | D        | Reached skill level 10 in Throwing
     8 | D        | Reached XP level 2. HP: 27/42 MP: 1/1
     8 | D        | Reached XP level 3. HP: 32/49 MP: 2/2
     8 | D        | Reached XP level 4. HP: 37/57 MP: 3/3
     8 | D        | Reached XP level 5. HP: 41/63 MP: 4/4
     8 | D        | Reached XP level 6. HP: 46/71 MP: 5/5
     8 | D        | Reached XP level 7. HP: 51/78 MP: 6/6
     8 | D        | Reached XP level 8. HP: 56/85 MP: 7/7
     8 | D        | Reached XP level 9. HP: 60/91 MP: 8/8
     8 | D        | Reached XP level 10. HP: 65/99 MP: 9/9
     8 | D        | Reached XP level 11. HP: 69/105 MP: 10/10
     8 | D        | Killed a bag of meat
     8 | D        | Reached * piety under Makhleb
     9 | D        | Reached XP level 12. HP: 8/115 MP: 11/11
     9 | D        | Noticed a meat berserker
     9 | D        | Killed a meat berserker
     9 | D        | Killed a meat berserker
     9 | D        | Killed a bag of meat
     9 | D        | Reached ** piety under Makhleb
     9 | D        | Noticed a bag of meat
    10 | D        | Reached skill level 27 in Polearms
    10 | D        | Reached skill level 5 in Armour
    10 | D        | Reached XP level 13. HP: 10/133 MP: 12/12
    10 | D        | Reached XP level 14. HP: 10/140 MP: 13/13
    10 | D        | Killed a bag of meat
    11 | D        | Reached skill level 15 in Axes
    11 | D        | Reached skill level 27 in Dodging
    11 | D        | Killed a bag of meat
    11 | D        | Noticed a meat berserker
    12 | D        | Reached skill level 15 in Throwing
    13 | D        | Killed a bag of meat
    13 | D        | Reached *** piety under Makhleb
    14 | D        | Reached skill level 1 in Invocations
    14 | D        | Reached XP level 15. HP: 66/156 MP: 13/15
    14 | D        | Noticed a meat berserker
    16 | D        | Killed a meat berserker
    17 | D        | Reached skill level 5 in Invocations
    17 | D        | Killed a meat berserker
    17 | D        | Noticed a meat berserker
    19 | D        | Noticed a large bag of meat
    21 | D        | Killed a meat berserker
    21 | D        | Reached **** piety under Makhleb
    21 | D        | Noticed a large bag of meat
    21 | D        | Noticed a meat berserker
    22 | D        | Reached XP level 16. HP: 176/176 MP: 14/21
    23 | D        | Noticed a large bag of meat
    24 | D        | Reached skill level 27 in Axes
    24 | D        | Reached skill level 10 in Armour
    25 | D        | Reached ***** piety under Makhleb
    26 | D        | Reached skill level 27 in Fighting
    26 | D        | Reached skill level 15 in Invocations
    26 | D        | Noticed a meat berserker
    28 | D        | Reached XP level 17. HP: 191/191 MP: 14/29
    28 | D        | Killed a meat berserker
    28 | D        | Killed a large bag of meat
    28 | D        | Noticed an eight-headed meat hydra
    28 | D        | Noticed a large bag of meat
    29 | D        | Reached skill level 15 in Armour
    29 | D        | Noticed a destroyer
    30 | D        | Noticed a meat berserker
    30 | D        | HP: 8/191 [bag of meat/+9 war axe (10)]
    30 | D        | Noticed a large bag of meat
    31 | D        | Noticed a large bag of meat
    31 | D        | Slain by a bag of meat

Illustrated notes

Levels and vault maps discovered:
D:        meatsprint

Skill      XL: |  1  2  3  4  5  6  7  8  9 10 11 12 13 14 15 16 17 |
---------------+----------------------------------------------------+-----
Fighting       | 12 13 17 20 24 27 | 27.0
Axes           | 5 6 13 18 26 27 | 27.0
Polearms       | 21 23 27 | 27.0
Throwing       | 10 11 13 15 18 22 24 | 24.3
Armour         | 3 5 7 9 13 15 | 15.6
Dodging        | 19 21 26 27 | 27.0
Invocations    | 1 9 19 26 | 26.2

Action                     |  1- 3 |  4- 6 |  7- 9 | 10-12 | 13-15 | 16-18 || total
---------------------------+-------+-------+-------+-------+-------+-------++-------
  Melee: Executioner's axe |     1 |       |       |     2 |     6 |     5 ||    14
 Invoke: Minor Destruction |       |       |       |       |     4 |     1 ||     5
         Major Destruction |       |       |       |       |       |     2 ||     2
    Use: Potion            |       |       |       |       |       |     1 ||     1
  Dodge: Dodged            |       |       |       |       |       |     1 ||     1

Table legend: (Time is in decaauts)
 A = Elapsed time spent in this place.
 B = Non-inter-level travel time spent in this place.
 C = Inter-level travel time spent in this place.
 D = Time resting spent in this place.
 E = Time spent auto-exploring this place.
 F = Levels seen in this place.
 G = Mean time per level.
                   A        B        C        D        E       F      G
               +--------+--------+--------+--------+--------+-----+--------+
         Total |     28 |     28 |      0 |      0 |      0 |   1 |   28.0 |
       Dungeon |     28 |     28 |      0 |      0 |      0 |   1 |   28.0 |
               +--------+--------+--------+--------+--------+-----+--------+

Top non-repeatable levels by time:
       D: 28 daAuts
